Map: Neon Violet Square LE

Players

MarkyDubois - Winner!

  • Race: Zerg Zerg
  • League: Gold
  • Spawn Location: 11:00

WeAreLegion

  • Race: Terran Terran
  • League: Silver
  • Spawn Location: 5:00

VOD

Have the link to the VOD?

Description

Time

  • Played on: Dec. 12, 2024, 9:03 p.m.
  • Length: 11:51
Show
View Real Time Build Order
Export as new Build Order

MarkyDubois Zerg - Winner!

Build Orders: Hatch First 

Get SALT Encoding   

  12  0:02  Drone  
  13  0:09  Drone  
  14  0:18  Overlord  
  14  0:36  Drone x3  
  17  0:49  Drone  
  18  0:57  Hatchery  
  18  1:01  Drone  
  18  1:03  Extractor  
  17  1:11  Drone  
  18  1:18  Spawning Pool  
  18  1:22  Drone  
  18  1:31  Drone  
  19  1:42  Overlord  
  19  1:53  Drone  
  20  2:03  Drone  
  20  2:08  Queen x2  
  21  2:10  Drone  
  26  2:18  Drone  
  26  2:22  Drone  
  28  2:25  Drone  
  28  2:28  Metabolic Boost  
  29  2:34  Drone  
  30  2:44  Queen  
  31  2:56  Queen  
  31  2:57  Overlord  
  33  2:59  Drone x3  
  36  3:08  Overlord, Baneling Nest  
  36  3:10  Drone  
  36  3:16  Drone  
  36  3:17  Drone  
  38  3:28  Queen  
  38  3:31  Hatchery  
  39  3:35  Drone  
  39  3:36  Drone x2  
  39  3:38  Overlord  
  42  3:46  Drone x4  
  46  4:04  Queen  
  46  4:08  Extractor  
  47  4:10  Extractor  
  47  4:11  Drone x2  
  47  4:12  Drone  
  49  4:17  Extractor  
  49  4:18  Zergling x4  
  49  4:19  Zergling x8  
  49  4:21  Overlord  
  54  4:29  Roach Warren  
  53  4:33  Drone x2  
  53  4:34  Drone x2  
  57  4:45  Overlord  
  57  4:46  Drone x2  
  57  4:47  Drone x2  
  61  5:06  Queen x2  
  63  5:07  Queen  
  67  5:17  Drone x4  
  67  5:18  Overlord x3  
  67  5:19  Roach x2  
  67  5:21  Roach  
  77  5:30  Overlord x2  
  77  5:31  Drone x3  
  77  5:34  Extractor  
  77  5:35  Extractor  
  78  5:53  Drone x3  
  78  5:54  Drone  
  82  6:01  Drone x4  
  82  6:02  Overlord x2  
  83  6:19  Lair  
  83  6:28  Drone x2  
  83  6:29  Evolution Chamber  
  83  6:31  Drone x4, Overlord, Evolution Chamber  
  83  6:32  Overlord  
  74  7:02  Roach x6  
  74  7:03  Roach x10  
  106  7:13  Drone  
  106  7:14  Drone x2  
  109  7:17  Glial Reconstitution  
  109  7:19  Zerg Ground Armor Level 1  
  109  7:20  Zerg Melee Weapons Level 1  
  109  7:22  Overlord  
  109  7:28  Overlord x2  
  109  7:44  Overseer  
  109  7:46  Overseer  
  109  7:51  Ravager x5  
  112  7:52  Ravager x2  
  116  8:00  Infestation Pit  
  116  8:02  Drone x5, Overlord x3, Hydralisk Den  
  116  8:03  Overlord  
  119  8:14  Hatchery  
  118  8:29  Hatchery  
  118  8:30  Centrifugal Hooks  
  118  8:33  Pneumatized Carapace  
  117  8:35  Tunneling Claws  
  117  8:36  Queen, Burrow  
  116  8:59  Zergling x8  
  116  9:00  Zergling x4  
  113  9:18  Zergling x8  
  113  9:19  Zergling x2  
  112  9:55  Drone x5  
  112  9:56  Drone x2, Overlord x3  
  105  10:35  Zergling x4  
  105  10:36  Zergling x8  
  105  10:41  Queen  
  110  10:47  Zergling x4  
  110  10:48  Zergling x8  
  107  10:59  Queen x2  
  107  11:00  Queen x2  
  113  11:10  Lurker Den  
  109  11:12  Infestation Pit  
  102  11:34  Extractor  
  102  11:35  Extractor  
Show
View Real Time Build Order
Export as new Build Order

WeAreLegion Terran 

Build Orders: Liberator Opening, Reaper Expand 

Get SALT Encoding   

  12  0:00  SCV  
  13  0:12  SCV  
  14  0:18  Supply Depot  
  14  0:25  SCV  
  15  0:39  SCV  
  15  0:41  Barracks  
  16  0:50  Refinery  
  16  0:51  SCV  
  17  1:03  SCV  
  18  1:16  SCV  
  19  1:28  Orbital Command  
  19  1:33  Reaper  
  20  1:49  Command Center  
  20  1:57  SCV  
  20  1:59  Supply Depot  
  21  2:11  Factory  
  21  2:13  Marine  
  22  2:21  SCV  
  23  2:33  SCV  
  24  2:45  Barracks Reactor  
  24  2:50  SCV  
  24  2:59  Hellion  
  24  3:02  SCV  
  27  3:06  Starport  
  27  3:11  Supply Depot  
  27  3:12  Orbital Command  
  27  3:30  SCV  
  27  3:34  Hellion x2  
  32  3:41  Refinery  
  32  3:42  SCV  
  32  3:46  SCV  
  35  3:54  SCV, Liberator  
  38  3:58  SCV  
  38  3:59  Hellion x2  
  43  4:06  SCV  
  44  4:10  SCV  
  44  4:17  Marine  
  45  4:18  SCV  
  45  4:20  Hellion  
  45  4:22  SCV  
  50  4:25  Command Center  
  50  4:29  Barracks  
  50  4:34  Marine  
  51  4:39  Engineering Bay  
  51  4:40  Engineering Bay  
  51  4:47  Supply Depot  
  51  4:48  SCV x2  
  51  4:52  Marine  
  54  5:08  Supply Depot  
  54  5:09  SCV x2, Hellion x2  
  54  5:10  Marine  
  54  5:12  Supply Depot  
  61  5:21  SCV  
  62  5:29  SCV, Liberator, Marine  
  62  5:33  SCV  
  62  5:34  Supply Depot  
  68  5:36  Hellion x2  
  68  5:41  SCV  
  71  5:45  SCV  
  71  5:47  Marine  
  73  5:53  SCV  
  74  6:02  Barracks Reactor  
  74  6:05  Marine  
  75  6:22  Marine  
  76  6:33  SCV x2  
  76  6:35  Orbital Command  
  78  6:40  Marine  
  78  6:45  SCV x2  
  81  6:51  Medivac  
  83  6:57  Barracks x2  
  83  6:58  Marine  
  83  6:59  SCV x2  
  83  7:11  SCV x2  
  83  7:14  Terran Infantry Weapons Level 1  
  85  7:16  Marine  
  85  7:20  Supply Depot  
  86  7:23  SCV  
  87  7:31  SCV  
  87  7:33  Widow Mine  
  87  7:34  Marine, Widow Mine  
  87  7:35  SCV  
  94  7:43  SCV  
  95  7:47  Barracks Tech Lab, SCV, Viking  
  95  7:49  Orbital Command, Barracks Reactor  
  98  7:52  Barracks Tech Lab  
  98  7:55  SCV, Widow Mine x2  
  98  7:57  Refinery  
  103  7:59  SCV  
  104  8:05  Refinery  
  104  8:07  SCV  
  104  8:10  Supply Depot, Marine  
  104  8:11  Supply Depot, SCV, Command Center  
  107  8:16  Widow Mine  
  109  8:32  SCV x2, Marine, Viking  
  109  8:33  Supply Depot  
  114  8:38  Supply Depot  
  114  8:49  Marine  
  111  9:02  Viking  
  112  9:07  Marine  
  104  9:25  Marine  
  98  9:32  Medivac  
  99  9:43  Marine  
  90  9:57  Widow Mine x2  
  92  10:01  Marine  
  92  10:02  Medivac  
  90  10:18  Marine  
  90  10:19  Widow Mine  
  79  10:32  Medivac  
  70  10:36  Marine  
  68  10:54  Marine  
  67  10:58  Marine x3  
  67  11:02  Medivac  
  65  11:12  Marine  
  65  11:16  Marine x2  
  65  11:17  Marauder  
  65  11:18  Orbital Command  
Tags
 
Add a new tag
Caveats
  • Supply blocks, unpowered buildings, or Contaminate may cause inaccurate times.
  • Supply counts are checked every 10 seconds.